Map: Romanticide LE

Players

MaSa

  • Race: Terran Terran

TriGGeR - Winner!

  • Race: Protoss Protoss

Event: DreamHack SC2 Masters 2021 Winter

VOD

Have the link to the VOD?

Description

Time

  • Played on: Oct. 7, 2021, 6:32 p.m.
  • Length: 10:38

All games in this series

Show
View Real Time Build Order
Export as new Build Order

MaSa Terran 

Build Orders:  

Get SALT Encoding   

  12  0:00  SCV  
  13  0:12  SCV  
  14  0:17  Supply Depot  
  14  0:24  SCV  
  15  0:38  SCV  
  15  0:39  Barracks  
  16  0:44  Refinery  
  16  0:50  Refinery  
  16  0:54  SCV  
  17  1:06  SCV  
  18  1:18  SCV  
  19  1:26  Reaper  
  19  1:30  Orbital Command  
  20  1:44  Factory  
  20  1:46  Supply Depot  
  20  1:55  Bunker  
  20  1:58  Reaper  
  20  1:59  SCV  
  22  2:12  SCV  
  23  2:23  Command Center  
  23  2:26  SCV  
  24  2:30  Widow Mine  
  26  2:45  SCV  
  27  2:53  Widow Mine  
  27  2:57  SCV  
  29  3:07  Starport, Barracks Reactor  
  29  3:09  SCV  
  30  3:17  Factory Tech Lab  
  30  3:18  Supply Depot  
  30  3:23  Bunker  
  30  3:29  SCV  
  31  3:43  Orbital Command  
  31  3:44  Medivac  
  31  3:46  SCV  
  31  3:47  Refinery  
  34  3:50  Marine  
  34  3:51  Siege Tank, Marine  
  39  3:58  SCV  
  39  4:10  SCV  
  39  4:13  Command Center  
  39  4:15  Starport Tech Lab  
  40  4:17  SCV  
  40  4:23  Siege Tank  
  44  4:30  Barracks  
  44  4:31  SCV  
  44  4:35  Marine  
  44  4:37  Marine  
  47  4:39  Starport Tech Lab  
  47  4:40  SCV  
  47  4:43  SCV  
  49  4:49  Barracks  
  49  4:52  Marine  
  49  4:54  Marine  
  49  4:56  SCV x2  
  53  5:08  SCV  
  53  5:12  Marine x2  
  54  5:15  SCV  
  54  5:17  Supply Depot  
  54  5:21  SCV  
  54  5:25  Siege Tank, Starport Reactor, Orbital Command  
  57  5:30  Stimpack, Marine x2  
  57  5:31  Marine  
  57  5:32  SCV  
  61  5:40  SCV  
  61  5:41  Supply Depot  
  62  5:43  Combat Shield  
  62  5:44  SCV  
  62  5:45  Marauder  
  62  5:48  Engineering Bay, Marine  
  66  5:50  Refinery  
  66  5:52  SCV, Marine x2  
  66  5:54  SCV  
  70  5:59  Supply Depot  
  70  6:02  SCV  
  71  6:04  SCV  
  71  6:06  Factory Reactor  
  71  6:08  Barracks  
  72  6:12  SCV, Barracks  
  72  6:14  Marine  
  72  6:15  SCV  
  72  6:18  Terran Infantry Weapons Level 1  
  75  6:19  Marine  
  75  6:20  SCV  
  75  6:24  Marauder  
  75  6:25  Marauder, SCV  
  81  6:28  Missile Turret  
  82  6:32  Supply Depot  
  82  6:33  SCV x2  
  82  6:35  Marine  
  82  6:38  SCV  
  86  6:40  Medivac  
  86  6:41  Marine  
  86  6:42  Medivac  
  91  6:47  SCV x2  
  91  6:51  Supply Depot  
  93  6:54  Marine  
  93  6:56  Widow Mine  
  93  6:59  Widow Mine, SCV  
  93  7:00  Supply Depot  
  99  7:02  SCV  
  99  7:03  Orbital Command  
  100  7:11  Barracks Reactor  
  100  7:13  Medivac, Ghost Academy  
  100  7:14  Supply Depot  
  102  7:16  Supply Depot  
  102  7:18  SCV  
  102  7:19  SCV  
  102  7:20  Supply Depot x2, Widow Mine  
  102  7:22  Widow Mine  
  108  7:24  Marine  
  108  7:29  SCV  
  110  7:30  SCV, Marine  
  110  7:31  Marauder  
  110  7:36  Supply Depot, SCV  
  110  7:37  Missile Turret  
  115  7:38  Refinery  
  115  7:39  Medivac  
  115  7:43  Medivac  
  119  7:45  Supply Depot, Marine  
  119  7:47  SCV  
  119  7:48  SCV  
  119  7:49  Widow Mine  
  124  7:53  Missile Turret, Widow Mine  
  124  7:54  Marine  
  124  7:55  Marine  
  124  7:56  SCV  
  129  8:00  Bunker  
  129  8:04  Supply Depot  
  128  8:06  Supply Depot  
  128  8:07  Concussive Shells, Marine  
  128  8:11  Enhanced Shockwaves  
  129  8:13  SCV  
  129  8:14  SCV x2  
  129  8:15  Terran Infantry Armor Level 1  
  132  8:21  Ghost x2  
  132  8:22  Ghost  
  132  8:25  Marine x2  
  140  8:28  Supply Depot  
  140  8:31  SCV  
  140  8:32  SCV x2  
  140  8:33  Marine x2  
  145  8:36  Widow Mine  
  145  8:37  Widow Mine  
  153  8:45  Viking x2  
  153  8:50  Marauder, Command Center  
  153  8:51  SCV  
  153  8:55  Supply Depot, Refinery, Marine  
  157  8:56  Marine  
  157  8:57  Marine  
  157  9:01  Marauder x2  
  163  9:13  Marine  
  163  9:14  Marauder, Widow Mine x2  
  163  9:15  Viking  
  163  9:16  Viking  
  174  9:19  Marine  
  174  9:22  Marauder x2  
  175  9:25  Supply Depot  
  174  9:31  Marine  
  174  9:32  Marine  
  176  9:44  Supply Depot x2  
  176  9:45  Supply Depot  
  176  9:46  Barracks  
  176  9:47  Barracks  
  176  9:54  Marine  
  176  9:55  Marauder, Supply Depot  
  176  9:56  Marauder  
  176  9:57  Marine  
  173  10:01  Marauder  
  173  10:04  Marine  
  132  10:15  Marine  
  132  10:16  Marauder  
Show
View Real Time Build Order
Export as new Build Order

TriGGeR Protoss - Winner!

Build Orders: 1 Gate Expand, Blink Stalkers 

Get SALT Encoding   

  12  0:00  Probe  
  13  0:12  Probe  
  14  0:16  Pylon  
  14  0:24  Probe (Chrono Boost)  
  16  0:35  Gateway  
  16  0:36  Probe (Chrono Boost)  
  16  0:42  Probe (Chrono Boost)  
  16  0:46  Assimilator  
  17  0:51  Probe  
  18  1:03  Probe  
  19  1:15  Probe  
  20  1:22  Cybernetics Core  
  20  1:31  Nexus  
  20  1:38  Zealot (Chrono Boost)  
  22  1:45  Pylon  
  22  1:48  Probe  
  23  1:55  Assimilator  
  23  2:03  Probe  
  23  2:04  Adept (Chrono Boost)  
  25  2:12  Warp Gate  
  25  2:15  Probe  
  26  2:25  Stalker (Chrono Boost)  
  26  2:28  Probe  
  29  2:40  Probe  
  29  2:44  Twilight Council  
  30  2:47  Stalker  
  32  2:55  Probe (Chrono Boost)  
  34  3:00  Probe (Chrono Boost)  
  34  3:04  Probe (Chrono Boost)  
  35  3:08  Probe (Chrono Boost)  
  35  3:11  Gateway  
  37  3:15  Blink (Chrono Boost)  
  37  3:19  Probe, Pylon  
  37  3:25  Probe  
  36  3:31  Probe  
  37  3:37  Probe  
  37  3:39  Robotics Facility  
  38  3:43  Probe  
  39  3:51  Probe  
  39  3:52  Gateway  
  39  4:07  Stalker x2  
  39  4:08  Probe (Chrono Boost)  
  44  4:10  Probe (Chrono Boost)  
  44  4:15  Pylon  
  45  4:17  Probe (Chrono Boost)  
  45  4:19  Assimilator  
  45  4:20  Probe (Chrono Boost)  
  45  4:23  Probe  
  46  4:28  Observer  
  46  4:29  Pylon  
  48  4:31  Stalker  
  48  4:32  Stalker  
  48  4:35  Probe  
  53  4:39  Probe  
  53  4:44  Shield Battery  
  54  4:47  Probe  
  55  4:53  Probe  
  55  4:54  Nexus  
  56  5:01  Probe  
  57  5:08  Probe  
  57  5:14  Stalker x2, Probe  
  57  5:18  Robotics Bay  
  57  5:20  Probe  
  62  5:22  Pylon  
  62  5:24  Assimilator  
  62  5:25  Shield Battery  
  62  5:30  Probe  
  63  5:37  Probe  
  63  5:39  Pylon  
  64  5:44  Forge  
  64  5:48  Probe (Chrono Boost)  
  64  5:49  Probe (Chrono Boost)  
  66  5:52  Gateway  
  66  5:55  Gateway  
  66  5:59  Observer (Chrono Boost)  
  66  6:02  Probe x2 (Chrono Boost)  
  69  6:05  Sentry  
  69  6:07  Probe (Chrono Boost)  
  69  6:09  Extended Thermal Lance  
  73  6:11  Colossus (Chrono Boost)  
  73  6:15  Probe (Chrono Boost)  
  73  6:17  Probe (Chrono Boost)  
  81  6:18  Probe (Chrono Boost)  
  81  6:19  Protoss Ground Weapons Level 1  
  81  6:21  Observer  
  81  6:22  Probe (Chrono Boost)  
  81  6:24  Probe  
  83  6:30  Gateway  
  83  6:31  Gateway  
  83  6:32  Probe  
  84  6:34  Probe  
  84  6:35  Sentry  
  84  6:36  Charge (Chrono Boost)  
  87  6:41  Probe  
  87  6:44  Probe  
  89  6:50  Probe  
  89  6:51  Assimilator  
  90  6:55  Colossus (Chrono Boost)  
  90  6:57  Gateway  
  90  6:59  Pylon  
  96  7:04  Pylon  
  96  7:06  Zealot x2  
  96  7:07  Zealot  
  101  7:11  Pylon  
  101  7:16  Pylon  
  101  7:18  Probe  
  101  7:20  Zealot x2  
  106  7:30  Zealot x2  
  106  7:33  Pylon  
  106  7:36  Colossus (Chrono Boost)  
  116  7:41  Assimilator, Probe x2  
  119  7:44  Probe  
  119  7:51  Zealot  
  119  7:52  Zealot x6  
  119  7:53  Zealot  
  135  7:59  Templar Archives  
  135  8:07  Nexus  
  133  8:19  Warp Prism (Chrono Boost)  
  133  8:21  Pylon  
  133  8:22  Pylon  
  133  8:27  Pylon  
  135  8:30  Pylon  
  135  8:38  High Templar x3  
  135  8:39  High Templar, Forge  
  135  8:40  Zealot x3  
  149  8:43  Archon  
  149  8:44  Archon  
  149  8:54  Zealot  
  151  8:58  Probe x2  
  153  9:06  Observer (Chrono Boost), Forge  
  153  9:09  Pylon  
  154  9:13  Zealot x6  
  154  9:14  Zealot x2  
  170  9:23  Disruptor (Chrono Boost)  
  171  9:30  Photon Cannon  
  169  9:33  Gateway, Shield Battery  
  169  9:35  Gateway  
  169  9:43  Stalker x4  
  177  9:47  Photon Cannon  
  177  9:53  Observer  
  177  9:55  Probe  
  177  9:58  Probe  
  177  9:59  Probe  
  179  10:11  Nexus  
  179  10:12  Zealot x5  
  131  10:21  Zealot x2  
  127  10:31  Zealot  

Tags
 
Add a new tag
Caveats
  • Supply blocks, unpowered buildings, or Contaminate may cause inaccurate times.
  • Supply counts are checked every 10 seconds.